[Event "44th Chess Olympiad Women 2022"]
[Site "Chennai"]
[Date "2022.08.08"]
[Round "10.56"]
[White "Adhikari, Kritisara"]
[Black "Van Wyk, Keisha C"]
[Result "1/2-1/2"]
[WhiteElo "1552"]
[BlackElo "1237"]
[Annotator "NA RC"]
[PlyCount "95"]
[EventDate "2022.??.??"]
[TimeControl "60"]

1. d4 Nf6 2. Bf4 g6 3. e3 Bg7 4. Nd2 O-O 5. Ngf3 d6 6. Be2 c5 7. c3 Nc6 8. h3 cxd4 9. exd4 Nd5 10. Bh2 e5 11. dxe5 dxe5 12. O-O a6 13.
a4 Re8 14. Ne4 Be6 15. Nc5 Nf4 16. Bxf4 exf4 17. Qxd8 Nxd8 18. Nxe6 Nxe6 19. Rad1 Rab8 20. Rfe1 Re7 21. Bc4 Rbe8 22. Kf1 Bf6 23. Bxe6 fxe6 24. Rd6 Kf7 25. Red1 e5 26. Rd7 e4 27. Ne1 g5 28. Nc2 a5 29. Ke2 Rxd7 30.
Rxd7+ Re7 31. Rd5 b6 32. Rd6 Rb7 33. Na3 h5 34. Nb5 g4 35.
hxg4 hxg4 36. Rc6 Kg6 37. Re6 f3+ 38. gxf3 exf3+ 39. Ke3 Re7 40. Rxe7 Bxe7 41. Kf4 Kh5 42. Nd4 Bc5 43. Ke4 Kh4 44. Nxf3+ gxf3 45. Kxf3 Kg5 46. Ke2 Kf4 47. f3 Ke5 48. Kd3 1/2-1/2

[Event "44th Chess Olympiad Women 2022"]
[Site "Chennai"]
[Date "2022.08.08"]
[Round "10.56"]
[White "Beukes Jamie-Nicole"]
[Black "Dhimal, Shanti"]
[Result "1-0"]
[WhiteElo "1231"]
[BlackElo "1499"]
[Annotator "NA RC"]
[PlyCount "73"]
[EventDate "2022.??.??"]
[TimeControl "60"]

1. e4 e5 2. Nf3 Nc6 3. Bc4 Bc5 4. c3 Nf6 5. d4 exd4 6. cxd4 Bb4+ 7. Nc3 Nxe4 8. O-O Nxc3 9. bxc3 Be7 10. Bd5 O-O 11. Re1 d6 12. Bf4 Bg4 13. Re3 Bf6 14. Qe2 Na5 15. Re1 h6 16. Qd3 c6 17. h3 Bh5 18.
Be4 d5 19. Bh7+ Kh8 20. g4 Bg6 21. Bxg6 fxg6 22. Qxg6 Nc4 23. Re6 Qd7 24. Bxh6 gxh6 25. Rxf6 Qg7 26. Qxg7+ Kxg7 27. Rxf8 Rxf8 28. Re7+ Rf7 29. Rxf7+ Kxf7 30. Ne5+ Kf6 31.
Nxc4 dxc4 32. f4 b5 33. Kf2 a5 34. a3 b4 35. cxb4 axb4 36.
axb4 Ke6 37. Ke3 1-0

[Event "44th Chess Olympiad Women 2022"]
[Site "Chennai"]
[Date "2022.08.08"]
[Round "10.56"]
[White "Nepando, Jolly"]
[Black "Kapali, Binita"]
[Result "1/2-1/2"]
[WhiteElo "1389"]
[BlackElo "1511"]
[Annotator "NA RC"]
[PlyCount "92"]
[EventDate "2022.??.??"]
[TimeControl "60"]

1. e4 e5 2. Nf3 Nc6 3. Bc4 Bc5 4. O-O d6 5. Nc3 a6 6. a3 Nf6 7. d3 h6 8. h3 O-O 9. Re1 Be6 10. Ba2 Ne7 11. Be3 Nd7 12. Na4 Ba7 13.
Bxa7 Rxa7 14. Nc3 Ng6 15. Ne2 Nh4 16. Ng3 Qe7 17. c3 Bxa2 18.
Rxa2 f5 19. Nxh4 Qxh4 20. Nxf5 Qf6 21. Rf1 Kh7 22. d4 exd4 23. Qxd4 Raa8 24. Qxf6 Nxf6 25. Re1 Nxe4 26. Rxe4 Rxf5 27. Re7 Rc8 28. b4 Kg8 29. Rae2 Rf7 30. Re8+ Rf8 31. R8e7 Rf7 32. Re8+ Rf8 33. R8e7 Rfd8 34. R2e3 Kf8 35. R7e4 Rd7 36. g4 c5 37. Rd3 b6 38. Re6 Rcd8 39. Rf3+ Rf7 40. Rd3 Rfd7 41. Rf3+ Rf7 42. Rd3 Rfd7 43. Rf3+ Rf7 44. Rd3 Rfd7 45. Rf6+ gxf6 46. Rf3 Kf7 1/2-1/2

[Event "44th Chess Olympiad Women 2022"]
[Site "Chennai"]
[Date "2022.08.08"]
[Round "10.56"]
[White "Neupane, Anisha"]
[Black "Mentile, Lishen"]
[Result "1-0"]
[WhiteElo "1488"]
[BlackElo "1486"]
[Annotator "NA RC"]
[PlyCount "76"]
[EventDate "2022.??.??"]
[TimeControl "60"]

1. e4 d5 2. exd5 Qxd5 3. Nc3 Qd6 4. g3 Nf6 5. Bg2 c6 6. Nf3 Bg4 7. O-O e6 8. d3 Be7 9. Bf4 Qd8 10. Re1 Nbd7 11. Qd2 O-O 12. h3 Bh5 13. g4 Bg6 14. Nh4 Nxg4 15. Nxg6 hxg6 16. hxg4 Bh4 17. Qe3 Qb6 18. Qxb6 axb6 19. Ne4 Ra4 20. b3 Ra5 21. c3 Nf6 22. Nxf6+ Bxf6 23. d4 c5 24. Be5 Bxe5 25. Rxe5 Rd8 26. dxc5 bxc5 27. Bxb7 Ra7 28. Bf3 Rd3 29. Re3 Rad7 30. c4 Rxe3 31. fxe3 Rd3 32. Kf2 Rd2+ 33. Ke1 Rb2 34. Bd1 Kf8 35. a4 Ke7 36. a5 Kd6 37. a6 Kc7 38.
a7 Kd7 1-0

[Event "44th Chess Olympiad Women 2022"]
[Site "Chennai"]
[Date "2022.08.08"]
[Round "10.57"]
[White "Blackman, Katrina"]
[Black "Ollet, Myra"]
[Result "1-0"]
[WhiteElo "1691"]
[BlackElo "1480"]
[Annotator "NA RC"]
[PlyCount "131"]
[EventDate "2022.??.??"]
[TimeControl "60"]

1. e3 Nf6 2. f4 d5 3. Nf3 Nc6 4. Bb5 Bd7 5. Nc3 e6 6. b3 Bd6 7. Bb2 a6 8. Bxc6 Bxc6 9. O-O Qe7 10. Ne2 Ba3 11. Bd4 Bc5 12. Ne5 Bb5 13.
d3 O-O 14. Rf3 Nd7 15. Ng4 Bxd4 16. Nxd4 c5 17. Nxb5 axb5 18. Rg3 Kh8 19. Qc1 f5 20. Nf2 Qf6 21. c3 Rfc8 22. Nd1 Ra6 23. Rf3 e5 24. Rf2 e4 25. Rd2 Qh4 26. Nf2 Rh6 27. Nh3 Nf6 28. Qe1 Qh5 29. dxe4 fxe4 30. Rad1 c4 31. b4 Rg6 32. Nf2 Qf3 33. Nh1 h5 34. Qe2 Qh3 35.
Ng3 Qh4 36. Nf5 Qg4 37. Ne7 Rd8 38. Nxg6+ Qxg6 39. Qf2 Qf5 40. Qg3 Rd7 41. Qg5 g6 42. h3 Kg7 43. Kf2 Kf7 44. Qxf5 gxf5 45. Ra1 Rd6 46. a4 Rb6 47. axb5 Rxb5 48. Rda2 Ne8 49. Ra7 Nd6 50. R1a5 Rxa5 51. Rxa5 Ke6 52. Ke2 Ne8 53. Ra8 Kd7 54. Rb8 Nd6 55. Rh8 Nb5 56. Kd2 Na3 57. Rxh5 Nb1+ 58. Kc2 Na3+ 59. Kb2 Nb5 60. Rxf5 Ke6 61. Rg5 Nd6 62. Re5+ Kf6 63. g4 b5 64. Rxd5 Ke6 65. Rg5 Nf7 66. Rxb5 1-0

[Event "44th Chess Olympiad Women 2022"]
[Site "Chennai"]
[Date "2022.08.08"]
[Round "10.57"]
[White "Moore, Gaybrianna"]
[Black "Estur, Grace Co"]
[Result "1-0"]
[WhiteElo "1335"]
[BlackElo "1472"]
[Annotator "NA RC"]
[PlyCount "101"]
[EventDate "2022.??.??"]
[TimeControl "60"]

1. d4 d5 2. Bf4 Nf6 3. e3 e6 4. Nf3 c5 5. c3 Nc6 6. Bd3 Be7 7. h3 Qb6 8. Qc1 cxd4 9. exd4 O-O 10. Nbd2 Bd7 11. Rb1 Rac8 12. Qd1 Na5 13. Qe2 a6 14. Ne5 Bb5 15. Bg5 Rc7 16. Bxb5 axb5 17. Bf4 Bd6 18. O-O Nd7 19. Nxd7 Rxd7 20. Bxd6 Rxd6 21. Nf3 f6 22. b3 Nc6 23. Rfc1 Re8 24. Qd3 b4 25. c4 Qa6 26. Qc2 Rd7 27. cxd5 Rxd5 28. Rd1 Qb5 29. Qc4 Qb6 30. Rd2 Kf8 31. Re1 Qa6 32. Rxe6 Qa5 33.
Qe2 Red8 34. Qe3 Qa3 35. Re2 Qa8 36. Qe4 Nxd4 37. Nxd4 Rxd4 38. Qxh7 R4d7 39. Qh8+ Kf7 40. Qh5+ Kf8 41. Qc5+ Kf7 42. Re7+ Kg8 43. Qc4+ Rd5 44. Qxb4 Re5 45. R2xe5 fxe5 46. Qg4 Rd1+ 47. Qxd1 e4 48. Qd5+ Kh8 49. Qh5+ Kg8 50. Qf7+ Kh7 51. Qxg7# 1-0

[Event "44th Chess Olympiad Women 2022"]
[Site "Chennai"]
[Date "2022.08.08"]
[Round "10.57"]
[White "Nacario, Ruth"]
[Black "Wilson, Hannah"]
[Result "0-1"]
[WhiteElo "1552"]
[BlackElo "1556"]
[Annotator "NA RC"]
[PlyCount "82"]
[EventDate "2022.??.??"]
[TimeControl "60"]

1. d4 d5 2. c4 c6 3. Nc3 Nf6 4. Bg5 e6 5. Nf3 Be7 6. e3 Nbd7 7. Bd3 O-O 8.
Qc2 dxc4 9. Bxc4 b5 10. Bd3 Bb7 11. O-O h6 12. Bh4 a6 13. e4 c5 14. Be2 cxd4 15. Nxd4 b4 16. Nb1 Bxe4 17. Qa4 Nb6 18. Qd1 Qc7 19. Bg3 Qc5 20. Nf3 Rfd8 21. Nbd2 Qf5 22. Nh4 Qg5 23. f4 Qc5+ 24. Bf2 Qc7 25. Be3 Bc5 26. Bxc5 Qxc5+ 27. Rf2 Rac8 28. Qe1 Bd3 29. Bd1 Nbd5 30. Nb3 Qb6 31. Kh1 Ne3 32. Nf3 Ne4 33. Nbd4 Nxf2+ 34. Qxf2 Nxd1 35. Rxd1 Be4 36. Ne1 Rc4 37. Nef3 Bxf3 38. gxf3 Rcxd4 39. Rg1 Qd6 40. Qg3 Qf8 41. Qg5 hxg5 0-1

[Event "44th Chess Olympiad Women 2022"]
[Site "Chennai"]
[Date "2022.08.08"]
[Round "10.58"]
[White "Dotse Dzidzor Esi"]
[Black "Terubea, Cydel"]
[Result "0-1"]
[WhiteElo "1195"]
[BlackElo "1450"]
[Annotator "NA RC"]
[PlyCount "64"]
[EventDate "2022.??.??"]
[TimeControl "60"]

1. d4 d5 2. c4 e6 3. Nc3 Nf6 4. Nf3 c5 5. cxd5 exd5 6. dxc5 Bxc5 7. Bg5 d4 8. Bxf6 Qxf6 9. Ne4 Bb4+ 10. Nfd2 Qe5 11. Ng3 O-O 12. a3 Be7 13. Qc2 Be6 14. Nge4 f5 15. Nc4 Qxe4 16. Qxe4 fxe4 17. Rc1 Nd7 18. e3 d3 19. Nd2 Bd5 20. g3 Rac8 21. Kd1 Rxc1+ 22. Kxc1 Nc5 23. b4 Nb3+ 24. Nxb3 Bxb3 25. f3 Rxf3 26. Bg2 Rxe3 27. Kd2 Re2+ 28. Kc3 Bf7 29. Bxe4 Rxe4 30. Kxd3 Bg6 31. Kc3 Bf6+ 32. Kb3 b5 0-1

[Event "44th Chess Olympiad Women 2022"]
[Site "Chennai"]
[Date "2022.08.08"]
[Round "10.58"]
[White "Prasad, Tanvi"]
[Black "Appau Abena Tiwaa"]
[Result "1/2-1/2"]
[WhiteElo "1165"]
[BlackElo "1103"]
[Annotator "NA RC"]
[PlyCount "88"]
[EventDate "2022.??.??"]
[TimeControl "60"]

1. d4 g6 2. c4 Nf6 3. Nc3 Bg7 4. Nf3 O-O 5. e4 d6 6. Bd3 Bg4 7. h3 Bxf3 8. Qxf3 Nc6 9. d5 Nd4 10. Qd1 e6 11. Be3 Nd7 12. Bb1 c5 13.
O-O exd5 14. exd5 Qb6 15. Na4 Qc7 16. Bd3 Nb6 17. Nc3 f5 18.
Qd2 Be5 19. Bf4 Bxf4 20. Qxf4 Rae8 21. Rfe1 Nd7 22. Qd2 Rxe1+ 23. Rxe1 Ne5 24. Be2 Qd8 25. f4 Nd7 26. Bd3 Re8 27. Ne2 Nxe2+ 28. Rxe2 Rxe2 29. Qxe2 Nf6 30. g3 Nh5 31. Kg2 Qd7 32. b3 Kg7 33. Kf3 Qd8 34. Qb2+ Kf7 35. b4 b6 36. bxc5 bxc5 37. Qb7+ Qe7 38. Qxe7+ Kxe7 39. g4 fxg4+ 40. hxg4 Nf6 41. g5 Nd7 42. Ke4 Kd8 43. Bc2 Kc7 44. Ba4 Nb6 1/2-1/2

[Event "44th Chess Olympiad Women 2022"]
[Site "Chennai"]
[Date "2022.08.08"]
[Round "10.58"]
[White "Sewak, Aarti"]
[Black "Benson, Maud"]
[Result "0-1"]
[WhiteElo "1412"]
[BlackElo "1334"]
[Annotator "NA RC"]
[PlyCount "95"]
[EventDate "2022.??.??"]
[TimeControl "60"]

1. Nf3 g6 2. d4 Bg7 3. g3 d6 4. Bg2 Nf6 5. Nc3 Nbd7 6. Bd2 c6 7. h3 O-O 8. Qc1 Qc7 9. Bh6 Re8 10. e4 e5 11. Bxg7 Kxg7 12. O-O exd4 13. Nxd4 Nc5 14. Re1 a5 15. f4 Re7 16. Kh1 a4 17. a3 Bd7 18.
Qd1 Rae8 19. Kh2 Ncxe4 20. Nxe4 Nxe4 21. Nf3 Qc8 22. Ng1 d5 23. c4 Be6 24. Rc1 Kg8 25. Bxe4 dxe4 26. Rxe4 Bg4 27. hxg4 Rxe4 28. Rc3 Re1 29. Qf3 Qe6 30. Rc2 Qe3 31. Qg2 Rd8 32. Nf3 Rc1 33. Re2 Qc5 34. Rc2 Rxc2 35. Qxc2 Qe3 36. Kg2 Rd3 37. Qf2 Qxf2+ 38. Kxf2 Rb3 39. Nd2 Rxb2 40. Ke3 Ra2 41. Nb1 Ra1 42. Nc3 Rxa3 43. Kd2 h6 44. Kc2 Rxc3+ 45. Kxc3 b5 46. f5 gxf5 47. gxf5 Kg7 48. Kd4 0-1

[Event "44th Chess Olympiad Women 2022"]
[Site "Chennai"]
[Date "2022.08.08"]
[Round "10.59"]
[White "Aponte, Samantha"]
[Black "Mefteh, Meyssem"]
[Result "0-1"]
[WhiteElo "1087"]
[BlackElo "1254"]
[Annotator "NA RC"]
[PlyCount "94"]
[EventDate "2022.??.??"]
[TimeControl "60"]

1. d4 Nf6 2. Bf4 d5 3. e3 e6 4. Nf3 c5 5. c3 Bd6 6. Bg3 Qc7 7. Nbd2 c4 8. Be2 Bxg3 9. hxg3 Nc6 10. b3 b5 11. Qc2 a6 12. e4 cxb3 13.
axb3 Nb4 14. Qc1 dxe4 15. cxb4 Qxc1+ 16. Rxc1 exf3 17. Nxf3 Bb7 18. Rc7 Bd5 19. Rc3 O-O 20. O-O Ne4 21. Re3 Rfc8 22. Bd3 Nc3 23. Ra1 f6 24. Bc2 Rc6 25. Kf1 Rac8 26. Bd1 Nxd1 27. Rxd1 Rc3 28. Ra1 Rxe3 29. fxe3 Bxb3 30. Rxa6 Rc1+ 31. Ne1 Bc4+ 32. Kf2 Rb1 33. Ra8+ Kf7 34. Ra7+ Kg6 35. Re7 Rxb4 36. Rb7 Rb2+ 37. Kg1 Rb1 38. Kf2 b4 39. Rc7 Bd5 40. Nc2 b3 41. Na3 Rb2+ 42. Ke1 Ra2 43.
Nc4 Bxc4 44. Rxc4 Ra1+ 45. Kd2 b2 46. Rb4 b1=Q 47. Rxb1 Rxb1 0-1

[Event "44th Chess Olympiad Women 2022"]
[Site "Chennai"]
[Date "2022.08.08"]
[Round "10.59"]
[White "Hwass Zeineb"]
[Black "Sagastegui, Thamara"]
[Result "1-0"]
[WhiteElo "1386"]
[BlackElo "1362"]
[Annotator "NA RC"]
[PlyCount "65"]
[EventDate "2022.??.??"]
[TimeControl "60"]

1. d4 d5 2. Bf4 Bf5 3. e3 e6 4. Nf3 Nf6 5. Nbd2 c5 6. Bxb8 Rxb8 7. Bb5+ Ke7 8. dxc5 Qa5 9. Nd4 a6 10. Nxf5+ exf5 11. Bd3 g6 12. O-O Qxc5 13. c3 Bg7 14. Nf3 Rhe8 15. Bc2 Ne4 16. Bb3 Rbd8 17. Qd3 Qa5 18. Rfd1 Nc5 19. Qc2 Nxb3 20. Qxb3 Rd7 21. Nd4 Qc5 22. Nc2 a5 23. Nd4 Rc8 24. Rdc1 Rdc7 25. Nb5 Rd7 26. Qa3 Qxa3 27. Nxa3 Be5 28. Nb5 f4 29. Re1 Kf8 30. exf4 Bxf4 31. Re2 Re8 32. Rxe8+ Kxe8 33. Rd1 1-0

[Event "44th Chess Olympiad Women 2022"]
[Site "Chennai"]
[Date "2022.08.08"]
[Round "10.59"]
[White "Jacobs, Annelaine"]
[Black "Meddeb, Chadha"]
[Result "0-1"]
[WhiteElo "1612"]
[BlackElo "1561"]
[Annotator "NA RC"]
[PlyCount "113"]
[EventDate "2022.??.??"]
[TimeControl "60"]

1. e4 e6 2. d4 d5 3. exd5 exd5 4. Bd3 Nc6 5. c3 Bd6 6. Ne2 Bg4 7. h3 Qh4 8. Qc2 Nge7 9. Be3 f5 10. g3 Qh5 11. Nf4 Bxf4 12. Bxf4 Bf3 13. Be2 O-O-O 14. Qd3 Bxe2 15. Qxe2 Qxe2+ 16. Kxe2 Ng6 17. Be3 Rde8 18. Kd3 Rhf8 19. f4 Na5 20. b3 b6 21. Nd2 Ne7 22. Rhe1 Ng8 23.
Bf2 Nf6 24. c4 c6 25. Rxe8+ Rxe8 26. Re1 Ne4 27. Nxe4 dxe4+ 28.
Kc3 Nb7 29. Be3 Kc7 30. a4 h5 31. Rg1 Rh8 32. g4 hxg4 33.
hxg4 Rh3 34. Kd2 Na5 35. gxf5 Nxb3+ 36. Ke2 Rh2+ 37. Kf1 Rh7 38. Rg2 Na5 39. c5 Nc4 40. cxb6+ axb6 41. Re2 Nd6 42. Bf2 Rh5 43. Re3 Rxf5 44. Rg3 Rxf4 45. Rxg7+ Rf7 46. Rxf7+ Nxf7 47. Bg3+ Kd7 48. Ke2 Nh6 49. Bf4 Nf5 50. Be3 Ne7 51. Bg5 Nd5 52. Kd2 Ke6 53. Bd8 Kf5 54. a5 bxa5 55. Bxa5 Kf4 56. Ke2 e3 57. Be1 0-1

[Event "44th Chess Olympiad Women 2022"]
[Site "Chennai"]
[Date "2022.08.08"]
[Round "10.60"]
[White "La Fleur, Zara"]
[Black "Roberts, Tallulah"]
[Result "1-0"]
[WhiteElo "1513"]
[BlackElo "1536"]
[Annotator "NA RC"]
[PlyCount "69"]
[EventDate "2022.??.??"]
[TimeControl "60"]

1. e4 e6 2. d4 d5 3. Nd2 c5 4. Ngf3 Nc6 5. c3 dxe4 6. Nxe4 cxd4 7. cxd4 Bb4+ 8. Bd2 Bxd2+ 9. Qxd2 Nge7 10. Bb5 O-O 11. O-O a6 12. Ba4 b5 13. Bc2 h6 14. Rac1 Nd5 15. Bb1 Nce7 16. Nc5 Qd6 17. Qd3 g6 18. Ne5 Rb8 19. Qd2 Kg7 20. Rfd1 Nf6 21. Qf4 g5 22. Qf3 Ng6 23. Qxf6+ Kxf6 24. Ne4+ Ke7 25. Nxd6 Kxd6 26. Rc6+ Ke7 27. Bxg6 fxg6 28. Nxg6+ Kd7 29. Rdc1 Rg8 30. Ne5+ Ke7 31.
Rc7+ Kf8 32. Rf7+ Ke8 33. Rcc7 Ra8 34. Rce7+ Kd8 35. Nc6# 1-0

[Event "44th Chess Olympiad Women 2022"]
[Site "Chennai"]
[Date "2022.08.08"]
[Round "10.61"]
[White "Yavo Tchetche, Marie"]
[Black "Saraci, Rinesa"]
[Result "1/2-1/2"]
[WhiteElo "1313"]
[BlackElo "1494"]
[Annotator "NA RC"]
[PlyCount "121"]
[EventDate "2022.??.??"]
[TimeControl "60"]

1. d4 Nf6 2. c4 g6 3. Nc3 d6 4. Nf3 Bg7 5. e4 O-O 6. Be2 Nbd7 7. O-O b6 8.
Bg5 Bb7 9. Qc2 Re8 10. Rad1 Qc8 11. e5 dxe5 12. Nxe5 Nxe5 13. dxe5 Ng4 14. Nd5 Bxd5 15. Rxd5 Nxe5 16. Rfd1 f6 17. Bf4 Nf7 18. Bf3 Rb8 19. Rd7 Nd6 20. Bc6 Bf8 21. c5 bxc5 22. Qxc5 Rd8 23. Rxd8 Qxd8 24. Bd5+ Kh8 25. Bb3 a6 26. h4 Rb5 27. Qe3 Qc8 28. Bxd6 cxd6 29. Rc1 Qf5 30. Be6 Qe5 31. Rc8 Kg7 32. Qxe5 Rxe5 33. Bc4 a5 34. Ra8 Rc5 35. Bb3 h6 36. Kf1 g5 37. hxg5 hxg5 38. Ke2 d5 39. Kd3 e5 40. Ra7+ Kg6 41. Rd7 d4 42. Rd5 Rxd5 43. Bxd5 g4 44. f3 gxf3 45. gxf3 Kf5 46. Bc6 Kf4 47. a3 f5 48. Bd5 Kg3 49. Bc6 Kf2 50. Bd7 Kxf3 51. Bxf5 Kf2 52. a4 Ke1 53. b3 Kd1 54. Be6 Kc1 55. Bd5 Kb2 56. Bc4 Bb4 57. Bd5 Bc3 58. Bc4 e4+ 59. Kxe4 Kc2 60. Bb5 Kxb3 61. Kd3 1/2-1/2

[Event "44th Chess Olympiad Women 2022"]
[Site "Chennai"]
[Date "2022.08.08"]
[Round "10.63"]
[White "Al Balushi, Mariya"]
[Black "Makda Araya Fessehaye"]
[Result "1-0"]
[WhiteElo "1660"]
[BlackElo "1242"]
[Annotator "NA RC"]
[PlyCount "113"]
[EventDate "2022.??.??"]
[TimeControl "60"]

1. e4 e5 2. Nf3 Nc6 3. d4 d6 4. d5 Nce7 5. Nc3 c6 6. Be3 Nf6 7. h3 a6 8. Be2 cxd5 9. exd5 Nf5 10. Bd2 Be7 11. O-O Bd7 12. a4 Qb6 13.
b3 e4 14. Nh2 e3 15. Be1 Qc5 16. Qd3 Rc8 17. Ng4 exf2+ 18. Rxf2 Nh4 19. Rc1 O-O 20. Nxf6+ Bxf6 21. Ne4 Qb6 22. Nxf6+ gxf6 23. Kh1 f5 24. Rf1 Ng6 25. Qg3 Rce8 26. Bd3 Qe3 27. Bf2 Qf4 28. Rce1 Qxg3 29. Bxg3 f4 30. Rxe8 Rxe8 31. Bxf4 Nxf4 32. Rxf4 Re5 33. Rb4 Rxd5 34. Rxb7 Bf5 35. Bxf5 Rxf5 36. Rb6 Rf1+ 37. Kh2 Rd1 38. Rxa6 d5 39. b4 d4 40. Rd6 Kf8 41. a5 Ke7 42. Rc6 Rc1 43. b5 Kd7 44. a6 d3 45.
cxd3 Rxc6 46. bxc6+ Kxc6 47. Kg3 Kb6 48. Kf4 Kxa6 49. Kf5 Kb6 50.
g4 Kc6 51. Kf6 Kd6 52. g5 Kd5 53. h4 Kd4 54. Kxf7 Kxd3 55. h5 Ke4 56. g6 hxg6 57. hxg6 1-0

[Event "44th Chess Olympiad Women 2022"]
[Site "Chennai"]
[Date "2022.08.08"]
[Round "10.64"]
[White "Tchouateu Tankeu Stephanie"]
[Black "Jambo, Linda"]
[Result "0-1"]
[WhiteElo "1280"]
[BlackElo "1426"]
[Annotator "NA RC"]
[PlyCount "100"]
[EventDate "2022.??.??"]
[TimeControl "60"]

1. d4 d5 2. c4 Nf6 3. Nc3 e6 4. e3 Bb4 5. Bd2 b6 6. a3 Bxc3 7. Bxc3 Ne4 8. Qc2 Bb7 9. Bd3 Nxc3 10. Qxc3 dxc4 11. Qxc4 Bxg2 12. Rc1 Bxh1 13. f3 O-O 14. Qxc7 Qxc7 15. Rxc7 Rd8 16. Be4 Na6 17. Rc6 Rac8 18. Rxc8 Rxc8 19. Bb7 Rc1+ 20. Kf2 Nc7 21. Ne2 Rc2 22. b3 Nd5 23. Bxd5 exd5 24. a4 f5 25. b4 g5 26. h3 h5 27. b5 g4 28. hxg4 hxg4 29. Kg1 Rxe2 30. Kxh1 gxf3 31. Kg1 Rxe3 32. Kf1 Rd3 33. Kf2 Rxd4 34. Kxf3 Rxa4 35. Ke3 Rb4 36. Kf3 d4 37. Ke2 f4 38. Ke1 f3 39. Kf2 Rb3 40.
Kg3 Rxb5 41. Kxf3 d3 42. Ke3 Rd5 43. Kd2 a5 44. Kc3 d2 45.
Kc4 d1=Q 46. Kc3 Qd2+ 47. Kb3 Rc5 48. Ka3 Qb4+ 49. Ka2 Rc2+ 50. Ka1 Qb2# 0-1

[Event "44th Chess Olympiad Women 2022"]
[Site "Chennai"]
[Date "2022.08.08"]
[Round "10.65"]
[White "Abigail Karyah"]
[Black "Sara, Gadalla Karar"]
[Result "1-0"]
[WhiteElo "1455"]
[BlackElo "1433"]
[Annotator "NA RC"]
[PlyCount "77"]
[EventDate "2022.??.??"]
[TimeControl "60"]

1. e4 c5 2. Nf3 Nc6 3. d4 cxd4 4. Nxd4 g6 5. Nc3 Bg7 6. Be3 Nf6 7. Be2 O-O 8. O-O d5 9. exd5 Nb4 10. Qd2 Nbxd5 11. Nxd5 Qxd5 12. Bf3 Ne4 13. Qb4 Re8 14. Nb5 Bf5 15. Nc7 Qc6 16. Nxa8 Rxa8 17. c3 e6 18. h3 a5 19. Qb3 e5 20. g4 Be6 21. Qc2 f5 22. Bxe4 fxe4 23.
Rac1 b5 24. Rfd1 a4 25. b3 a3 26. Qe2 Rc8 27. Rc2 Qe8 28.
Bc1 b4 29. cxb4 Rxc2 30. Qxc2 Qa8 31. Qc7 Bd5 32. b5 Qb7 33. Qxb7 Bxb7 34. Rd8+ Kf7 35. Rd7+ Ke8 36. Rxg7 Bd5 37. Bg5 Kf8 38. Rd7 Be6 39. b6 1-0

[Event "44th Chess Olympiad Women 2022"]
[Site "Chennai"]
[Date "2022.08.08"]
[Round "10.67"]
[White "Almusawi, Maram"]
[Black "Marochkina, Nadezhda Valerevna"]
[Result "0-1"]
[WhiteElo "1349"]
[BlackElo "1687"]
[Annotator "NA RC"]
[PlyCount "74"]
[EventDate "2022.??.??"]
[TimeControl "60"]

1. d4 d5 2. Nf3 Bf5 3. e3 e6 4. Bd3 Bxd3 5. Qxd3 Nf6 6.
Qb5+ Nbd7 7. Qxb7 Bd6 8. Qb3 O-O 9. O-O c5 10. c3 a5 11. Re1 Qc7 12. Nbd2 a4 13. Qc2 Rfe8 14. h3 cxd4 15. Nxd4 Reb8 16. Qd3 Nc5 17. Qe2 Qb6 18. c4 Nce4 19. Rb1 Bc5 20. Qd3 Rd8 21. N2f3 dxc4 22. Qxc4 a3 23. b4 Bxd4 24. Nxd4 Rdc8 25. Qe2 Nc3 26. Qd3 Nxb1 27. Qxb1 Nd5 28. Bd2 Rab8 29. b5 e5 30. Nc6 Rxc6 31. Qd3 Qxb5 32. Qe4 Nc3 33. Qf3 Nxa2 34. Ra1 Rc2 35. Qd1 Qb2 36. Be1 Rc1 37. Qd6 Rxa1 0-1

[Event "44th Chess Olympiad Women 2022"]
[Site "Chennai"]
[Date "2022.08.08"]
[Round "10.67"]
[White "Sy Mame, Binta"]
[Black "Ahmed, Najla"]
[Result "0-1"]
[WhiteElo "1256"]
[BlackElo "1176"]
[Annotator "NA RC"]
[PlyCount "59"]
[EventDate "2022.??.??"]
[TimeControl "60"]

1. e4 c6 2. Nc3 d5 3. exd5 cxd5 4. d4 Nf6 5. Nf3 Nc6 6. Be3 Bf5 7. Bb5 e6 8. O-O a6 9. Bxc6+ bxc6 10. Ne5 Rc8 11. Ne2 Bd6 12. Nf3 Ne4 13.
c3 Qf6 14. Ng3 Bg4 15. Qe2 Ra8 16. Bc1 Bxf3 17. gxf3 Ng5 18. Bxg5 Qxg5 19. Kh1 h5 20. Rg1 Qf4 21. Qe3 Qf6 22. c4 h4 23. Nf1 Rh5 24. cxd5 cxd5 25. Qc1 Qxf3+ 26. Rg2 h3 27. Qc6+ Ke7 28. Ne3 hxg2+ 29. Nxg2 Rxh2+ 30. Kg1 0-1

[Event "44th Chess Olympiad Women 2022"]
[Site "Chennai"]
[Date "2022.08.08"]
[Round "10.68"]
[White "Sisior, Angelil"]
[Black "Inthavong, Maly"]
[Result "1-0"]
[WhiteElo "1488"]
[BlackElo "1231"]
[Annotator "NA RC"]
[PlyCount "33"]
[EventDate "2022.??.??"]
[TimeControl "60"]

1. e4 e5 2. Bc4 Nf6 3. d4 exd4 4. Nf3 c5 5. e5 Ne4 6. Bd5 f5 7. exf6 Nxf6 8. Bg5 d6 9. O-O Be7 10. Bxf6 Bxf6 11. Re1+ Be7 12. Ng5 Qc7 13. Qh5+ g6 14. Bf7+ Kd7 15. Bxg6 Bxg5 16. Be8+ Kd8 17. Qxg5+ 1-0

[Event "44th Chess Olympiad Women 2022"]
[Site "Chennai"]
[Date "2022.08.08"]
[Round "10.71"]
[White "Callender, Jessica"]
[Black "Gusmao, Maria do Ceu"]
[Result "1-0"]
[WhiteElo "1295"]
[BlackElo "1442"]
[Annotator "NA RC"]
[PlyCount "62"]
[EventDate "2022.??.??"]
[TimeControl "60"]

1. c4 e6 2. d4 d5 3. cxd5 exd5 4. Nc3 Nf6 5. g3 Be7 6. Bg2 c6 7. e4 O-O 8. e5 Ne4 9. Nxe4 dxe4 10. Bxe4 f5 11. Bg2 Be6 12. Nf3 g6 13.
a3 Nd7 14. h4 Rc8 15. Bg5 Bxg5 16. Nxg5 Qe7 17. f4 h5 18. d5 cxd5 19. Nxe6 Rfe8 20. Bxd5 Kh8 21. Ng5 Nxe5 22. fxe5 Qxe5+ 23. Kf2 Qxb2+ 24. Kg1 Kg7 25. Rh2 Qb6+ 26. Rf2 Re5 27. Ne6+ Kf6 28. Nf4 Rh8 29. Rb1 Qe3 30. Qf3 Qc5 31. Bxb7 Re3 1-0

[Event "44th Chess Olympiad Women 2022"]
[Site "Chennai"]
[Date "2022.08.08"]
[Round "10.71"]
[White "Lam, Pooja"]
[Black "Tilman, Zulmira Americo"]
[Result "1-0"]
[WhiteElo "1163"]
[BlackElo "1255"]
[Annotator "NA RC"]
[PlyCount "59"]
[EventDate "2022.??.??"]
[TimeControl "60"]

1. d4 d6 2. c4 Nf6 3. g3 c6 4. Bg2 Qa5+ 5. Bd2 Qc7 6. Nc3 e5 7. e3 Be7 8. Nge2 Be6 9. d5 Bd7 10. O-O cxd5 11. cxd5 O-O 12. Rc1 Qb6 13. b3 Na6 14. Be1 Qd8 15. Ne4 Nh5 16. N2c3 f5 17. Qxh5 fxe4 18. Bxe4 g6 19. Qe2 Bh3 20. Bg2 Bxg2 21. Kxg2 Rc8 22. Bd2 Nc7 23. Qg4 Bf6 24. Ne4 Nxd5 25. Qe6+ Kh8 26. Qxd5 Qd7 27. Rxc8 Qxc8 28. Rc1 Qd7 29. Qxd6 Qf5 30. Qxf8# 1-0

[Event "44th Chess Olympiad Women 2022"]
[Site "Chennai"]
[Date "2022.08.08"]
[Round "10.71"]
[White "da Silva, Sonizia A.Tilman"]
[Black "Shariff, Sasha Christina"]
[Result "1-0"]
[WhiteElo "1507"]
[BlackElo "1183"]
[Annotator "NA RC"]
[PlyCount "93"]
[EventDate "2022.??.??"]
[TimeControl "60"]

1. d4 d5 2. c4 e6 3. Nc3 Nf6 4. Nf3 Be7 5. Bf4 O-O 6. e3 Nbd7 7. Bd3 b6 8. O-O Bb7 9. cxd5 Nxd5 10. Nxd5 exd5 11. Qc2 Nf6 12. Bxc7 Qd7 13. Be5 Rac8 14. Qe2 Ne4 15. Rac1 Rxc1 16. Rxc1 Rc8 17. Rd1 Bd6 18. Bxd6 Qxd6 19. Nh4 Nf6 20. Qf3 Re8 21. Nf5 Qc7 22. Qh3 Bc8 23. Qf3 Bxf5 24. Qxf5 Qd7 25. Qxd7 Nxd7 26. Rc1 Rd8 27. Rc7 a5 28. e4 dxe4 29. Bxe4 g6 30. d5 Nf6 31. f3 Nxd5 32. Rc6 f5 33.
Bxd5+ Rxd5 34. Rxb6 a4 35. Rb4 Rd1+ 36. Kf2 Rd2+ 37. Kg3 g5 38. h4 f4+ 39. Kh3 g4+ 40. fxg4 Rd3+ 41. Kh2 f3 42. gxf3 Rxf3 43. Rxa4 Rf2+ 44. Kg3 Rxb2 45. g5 Rb5 46. Ra6 Kg7 47. Kg4 1-0

[Event "44th Chess Olympiad Women 2022"]
[Site "Chennai"]
[Date "2022.08.08"]
[Round "10.72"]
[White "Moreno, Akiane"]
[Black "Oyenga, Justine Anassika"]
[Result "1/2-1/2"]
[WhiteElo "1232"]
[BlackElo "1223"]
[Annotator "NA RC"]
[PlyCount "69"]
[EventDate "2022.??.??"]
[TimeControl "60"]

1. e4 c5 2. Nf3 Nc6 3. Bc4 g6 4. O-O Bg7 5. a3 Nf6 6. d3 d6 7. Re1 O-O 8. Nc3 a6 9. Bd2 Re8 10. Nd5 Nxd5 11. Bxd5 Ne5 12. Rb1 Bg4 13. Re3 Rb8 14. b4 Nxf3+ 15. Rxf3 Bxf3 16. Qxf3 e6 17. Bc4 d5 18. exd5 exd5 19. Bxd5 Rf8 20. bxc5 Qd7 21. Rxb7 Rxb7 22. Bxb7 Rb8 23. c6 Rxb7 24. cxb7 Be5 25. Bc3 Qb5 26. Bb4 a5 27. c4 Qa4 28. Qe3 axb4 29. g3 Bc7 30. Qb6 Bxb6 31. b8=Q+ Kg7 32. Qe5+ Kg8 33. Qb8+ Kg7 34. Qe5+ Kg8 35. Qb8+ 1/2-1/2